AoeStats
← 开心不易

MegaRandom

510915698Analyzed
2v2 RM · 11h ago on Oct 3, 2026· 29m 53s· 4 players
Game mode
Random Map
Map size
Medium (4 player)
Population
200
Speed
Normal
Resources
Standard
Victory
Conquest
Starting age
Dark Age
Ending age
Imperial Age
RankedLock teamsTeams togetherTeam positionsShared explorationLock speedFull tech treeHidden civsTurbo modeCheats
Victory
Defeat
🇦🇷 Franks · Argentina
1500
+15
🇺🇸 Hindustanis · United States
1422
+18
🇨🇳 Dravidians · China
1486
-17
🇨🇳 Persians · China
1464
-16
开心不易
4:31 Loom
10:45 Feudal Age
12:02 Horse Collar
12:08 Double-Bit Axe
19:16 Castle Age
17:55 Scale Barding Armor
20:31 Bloodlines
20:22 Husbandry
21:33 Wheelbarrow
20:43 Town Watch
22:17 Forging
24:55 Heavy Plow
27:20 Bow Saw
局局卡子
7:47 Loom
10:28 Feudal Age
11:09 Double-Bit Axe
11:06 Horse Collar
17:57 Castle Age
16:55 Gold Mining
19:39 Fletching
21:13 Wheelbarrow
21:39 Bodkin Arrow
22:55 Padded Archer Armor
25:28 Town Watch
26:12 Leather Archer Armor
27:21 Thumb Ring
29:28 Elite Skirmisher
Kyphosis
8:22 Loom
10:21 Feudal Age
9:56 Loom
11:00 Double-Bit Axe
14:53 Castle Age
13:27 Horse Collar
17:17 Fletching
17:23 Gold Mining
19:29 Bodkin Arrow
20:51 Crossbowman
21:55 Padded Archer Armor
23:27 Leather Archer Armor
24:50 Wheelbarrow
24:00 Town Watch
CansadoTarde
5:55 Loom
9:12 Feudal Age
9:46 Double-Bit Axe
14:01 Town Watch
14:49 Scale Barding Armor
15:52 Forging
17:05 Wheelbarrow
20:19 Castle Age
21:25 Chain Barding Armor
21:10 Husbandry
21:26 Bow Saw
24:09 Gold Mining
Connection lost

Rejoining the realm…

Still unreachable

The connection could not be restored.

Session expired

The server has moved on; the page needs a fresh start.